Map: King's Cove LE

Players

uThermal - Winner!

  • Race: Terran Terran
  • Spawn Location: 11:00

Probe

  • Race: Protoss Protoss
  • Spawn Location: 5:00

Event: 2019 WCS Summer

VOD

Have the link to the VOD?

Description

Time

  • Played on: July 12, 2019, 2:09 p.m.
  • Length: 21:10

All games in this series

Show
View Real Time Build Order
Export as new Build Order

uThermal Terran - Winner!

Build Orders:  

Get SALT Encoding   

  12  0:01  SCV  
  13  0:13  SCV  
  14  0:18  Supply Depot  
  14  0:25  SCV  
  15  0:29  Refinery  
  15  0:39  SCV  
  16  0:45  Barracks  
  16  0:52  SCV  
  17  1:04  SCV  
  18  1:16  SCV  
  19  1:32  Marine  
  20  1:33  Orbital Command  
  20  1:34  Factory  
  20  1:51  Barracks Reactor  
  20  2:02  Command Center  
  20  2:10  SCV  
  20  2:11  Supply Depot  
  21  2:22  SCV  
  22  2:28  Supply Depot  
  22  2:33  Hellion x2  
  22  2:34  SCV  
  22  2:36  Reaper  
  28  2:46  SCV  
  28  2:47  Refinery  
  29  2:54  Hellion  
  29  2:56  Hellion  
  29  2:58  SCV  
  34  3:10  SCV  
  35  3:13  Starport  
  36  3:24  SCV  
  37  3:28  Orbital Command, Factory Tech Lab  
  37  3:32  Marine x2  
  38  3:39  SCV  
  39  3:50  Marine x2  
  39  3:51  SCV  
  40  3:56  SCV  
  40  4:00  Factory Tech Lab  
  39  4:03  SCV  
  39  4:04  Cloaking Field  
  39  4:05  Banshee  
  39  4:07  Marine  
  39  4:09  SCV  
  41  4:14  Bunker  
  41  4:15  SCV  
  42  4:21  Siege Tank, SCV  
  42  4:24  Marine  
  47  4:25  Marine  
  47  4:27  SCV  
  49  4:32  Supply Depot  
  49  4:33  SCV  
  50  4:39  SCV  
  50  4:41  Marine  
  50  4:43  Marine  
  52  4:52  SCV  
  53  4:53  Barracks, Banshee, SCV  
  53  4:56  Barracks  
  57  5:02  Marine  
  57  5:03  Engineering Bay, Supply Depot  
  57  5:04  SCV  
  59  5:08  Siege Tank  
  59  5:13  Refinery  
  62  5:16  Supply Depot  
  62  5:20  SCV  
  62  5:24  Marine x2  
  62  5:25  SCV  
  65  5:28  Supply Depot  
  65  5:32  SCV, Terran Infantry Weapons Level 1  
  66  5:37  SCV  
  66  5:39  Supply Depot  
  67  5:44  SCV  
  67  5:49  SCV  
  69  5:52  Factory Reactor  
  69  5:53  Factory Tech Lab, Starport Reactor  
  69  5:55  Marine x3  
  69  5:56  Stimpack, Marine, SCV  
  74  6:00  Refinery  
  74  6:01  Combat Shield, SCV  
  75  6:10  Command Center  
  75  6:11  SCV  
  75  6:13  Marine x4  
  83  6:18  Siege Tank  
  83  6:22  SCV  
  83  6:23  Supply Depot  
  81  6:33  Marine x4, Medivac  
  81  6:37  Medivac  
  81  6:39  Supply Depot  
  89  6:42  SCV x2  
  91  6:50  Marine  
  91  6:51  Siege Tank, Marine  
  96  6:55  Barracks  
  96  6:58  Barracks, Marine  
  96  7:01  SCV  
  98  7:03  Medivac  
  98  7:07  Medivac  
  99  7:08  SCV  
  99  7:13  SCV  
  101  7:19  Missile Turret x2  
  101  7:20  Marine  
  101  7:21  Marauder, SCV  
  105  7:25  Marine, SCV  
  105  7:26  Terran Infantry Armor Level 1  
  107  7:30  Siege Tank  
  107  7:34  Concussive Shells  
  107  7:35  SCV  
  111  7:39  Refinery  
  111  7:40  Marine  
  111  7:41  Marauder  
  114  7:45  Marine  
  114  7:46  Marauder  
  114  7:48  Barracks Reactor x2  
  117  7:53  SCV  
  117  7:56  Supply Depot  
  117  7:58  Marine  
  119  8:00  Orbital Command  
  119  8:01  SCV  
  119  8:05  Siege Tank  
  119  8:06  SCV  
  119  8:08  Marine  
  124  8:13  Marine  
  124  8:18  Marauder  
  127  8:20  SCV  
  127  8:22  Supply Depot  
  127  8:25  Marine  
  129  8:29  Medivac  
  129  8:31  Marauder  
  129  8:37  SCV x2  
  129  8:38  Factory  
  129  8:40  SCV, Factory  
  122  8:45  Siege Tank  
  123  8:49  Marine, SCV x2  
  123  8:50  Marine  
  123  8:53  Medivac  
  129  8:57  Sensor Tower  
  129  9:00  Supply Depot  
  129  9:03  Armory  
  129  9:04  Marine  
  129  9:05  Marine  
  129  9:06  Marine  
  132  9:10  Marine x2, Supply Depot  
  132  9:13  SCV  
  132  9:15  Marauder, Missile Turret  
  137  9:19  Supply Depot  
  137  9:20  Siege Tank  
  140  9:24  Factory Tech Lab x2  
  140  9:25  Marine  
  140  9:26  Marine  
  140  9:28  Medivac x2  
  146  9:32  Marine x2  
  146  9:33  Marauder  
  146  9:37  Marine  
  151  9:44  Command Center  
  151  9:45  Siege Tank  
  154  9:48  Siege Tank  
  154  9:49  Marine  
  154  9:50  Marine  
  154  9:52  Marine  
  160  10:00  Medivac  
  160  10:05  Siege Tank  
  165  10:11  Supply Depot  
  165  10:12  Supply Depot  
  165  10:18  Terran Infantry Weapons Level 2  
  165  10:19  Refinery  
  165  10:20  Marine x5, SCV x2, Supply Depot  
  172  10:21  Marine  
  172  10:24  Marine  
  173  10:30  Supply Depot  
  173  10:32  Marine  
  173  10:33  Siege Tank, SCV x2  
  179  10:38  Marine x2  
  181  10:44  Siege Tank, Marine x2  
  181  10:45  Marine, Marauder  
  189  10:50  Siege Tank  
  189  10:52  Marine  
  193  11:00  Marauder, Marine  
  193  11:01  Marine  
  195  11:04  Marine  
  195  11:06  Marauder  
  198  11:17  Planetary Fortress  
  197  11:18  Marine x2  
  192  11:36  Marine  
  192  11:37  Marine x2, Marauder x2, Medivac  
  193  11:41  Medivac  
  193  11:42  Marine x3  
  193  11:44  Siege Tank  
  193  11:47  Siege Tank  
  193  11:54  Marine  
  190  11:56  Marine  
  190  11:58  Marauder  
  190  11:59  Marauder  
  196  12:02  Refinery  
  196  12:03  Marine  
  196  12:04  Sensor Tower, SCV  
  196  12:05  Factory  
  196  12:06  SCV, Factory  
  199  12:10  Marine  
  200  12:17  Refinery  
  199  12:28  Missile Turret  
  199  12:45  Marine  
  199  12:50  Marine  
  199  12:51  Marauder  
  196  13:01  Siege Tank, Marine  
  196  13:02  Marauder  
  196  13:03  Marine  
  196  13:05  Marine, Medivac  
  196  13:09  Siege Tank  
  196  13:10  Marine x2  
  199  13:13  Factory Tech Lab x2  
  199  13:14  Marine  
  199  13:16  Marine  
  199  13:22  Marine  
  199  13:23  Marauder  
  199  13:26  Marine  
  196  13:28  Siege Tank  
  196  13:31  Terran Infantry Weapons Level 3  
  196  13:32  Terran Vehicle Weapons Level 1  
  196  13:33  Command Center  
  195  13:34  Marauder, Command Center  
  195  13:37  Siege Tank  
  199  13:47  Marine  
  200  13:56  Armory  
  197  14:09  Thor  
  198  14:19  Thor  
  197  14:38  Thor  
  191  14:43  Marine x8  
  194  14:46  Thor  
  194  14:48  Orbital Command  
  196  14:53  Command Center  
  196  14:55  Missile Turret, Command Center  
  196  14:59  Medivac x2  
  194  15:18  Thor  
  194  15:19  Thor  
  194  15:20  Thor  
  192  15:22  Thor  
  199  15:32  Thor  
  190  15:53  Command Center  
  190  16:01  Terran Vehicle Weapons Level 2, Thor  
  196  16:06  Orbital Command  
  196  16:08  Terran Infantry Armor Level 2  
  156  16:36  Marine  
  156  16:37  Marine  
  156  16:38  Marine x4  
  164  16:48  Siege Tank  
  143  16:54  Siege Tank x2, Marine x2  
  143  16:55  Marine  
  143  16:56  Marine x3  
  143  17:00  Refinery, SCV x3  
  158  17:03  Siege Tank  
  158  17:04  Siege Tank, Refinery  
  164  17:12  Marine x2  
  164  17:13  Marine x3  
  164  17:14  Marine  
  170  17:15  Planetary Fortress  
  176  17:25  Sensor Tower  
  176  17:26  Medivac  
  176  17:29  Medivac  
  180  17:30  Marine x2  
  180  17:31  Marine x3  
  180  17:32  Missile Turret x2  
  185  17:38  Marine  
  180  17:48  Marine x2  
  180  17:49  Marine x3  
  185  17:55  Siege Tank  
  185  17:56  Siege Tank x2, Marine, Medivac  
  185  17:57  Planetary Fortress  
  191  18:05  Marine  
  191  18:06  Marine  
  191  18:07  Siege Tank, Marine x3  
  197  18:13  Siege Tank  
  200  18:26  Marine  
  197  18:28  Marine x2  
  197  18:32  Marine  
  200  18:45  Refinery  
  173  18:48  Marine  
  173  18:49  Marine, Missile Turret  
  173  18:50  Marine x3, Refinery  
  173  18:51  Marine  
  153  19:06  Thor, Marine  
  153  19:07  Thor, Marine x2  
  153  19:08  Marine x2  
  153  19:09  Thor, Marine  
  165  19:10  Thor  
  165  19:15  Medivac  
  173  19:17  Medivac  
  175  19:24  Marine, SCV x2  
  175  19:25  Marine x4  
  175  19:26  SCV x2  
  175  19:27  Marine, SCV  
  186  19:36  Siege Tank  
  187  19:41  SCV  
  187  19:42  Marine  
  187  19:43  Marine x4  
  187  19:44  Marine  
  193  19:50  Siege Tank  
  196  19:59  Marine  
  193  20:01  Marine x4  
  193  20:02  Marine  
  197  20:17  Marine  
  197  20:19  Marine x2  
  200  20:27  Marine  
  196  20:31  Marine  
  196  20:32  Marine  
  196  20:35  Marine  
  198  20:36  Marine  
  198  20:37  Marine  
  189  20:45  Marine  
  183  20:50  Marine  
Show
View Real Time Build Order
Export as new Build Order

Probe Protoss 

Build Orders: 1 Gate Expand, Blink Stalkers 

Get SALT Encoding   

  12  0:00  Probe  
  13  0:13  Probe  
  14  0:17  Pylon  
  14  0:24  Probe  
  15  0:32  Probe  
  15  0:37  Gateway  
  15  0:40  Probe  
  16  0:46  Assimilator  
  17  0:51  Probe  
  18  1:03  Probe  
  19  1:15  Probe  
  20  1:25  Nexus  
  20  1:34  Cybernetics Core  
  20  1:38  Probe  
  21  1:45  Assimilator  
  21  1:50  Probe  
  21  1:54  Pylon  
  21  2:01  Probe  
  21  2:02  Adept  
  22  2:10  Probe  
  22  2:11  Warp Gate  
  25  2:18  Probe  
  26  2:24  Twilight Council  
  26  2:28  Probe  
  26  2:33  Probe  
  26  2:34  Stalker  
  29  2:41  Probe  
  29  2:42  Probe  
  32  2:52  Probe  
  32  2:53  Probe  
  34  3:03  Blink  
  34  3:04  Probe  
  34  3:05  Probe  
  36  3:10  Gateway  
  36  3:16  Probe  
  36  3:17  Stalker  
  37  3:22  Probe  
  38  3:28  Gateway  
  38  3:31  Shield Battery  
  38  3:33  Probe  
  39  3:34  Probe  
  40  3:42  Pylon  
  40  3:45  Probe  
  40  3:47  Probe  
  36  3:57  Probe  
  36  4:01  Probe  
  36  4:08  Probe  
  37  4:11  Probe  
  37  4:12  Stalker x2  
  37  4:16  Probe  
  42  4:19  Probe  
  42  4:20  Robotics Facility  
  44  4:24  Probe  
  44  4:27  Stalker, Probe  
  48  4:35  Probe  
  48  4:37  Pylon  
  49  4:39  Probe  
  49  4:44  Probe  
  50  4:47  Probe, Assimilator  
  50  4:48  Assimilator  
  50  4:52  Probe  
  52  4:54  Pylon  
  52  4:55  Probe  
  54  5:02  Probe  
  55  5:07  Observer, Probe  
  55  5:12  Nexus  
  57  5:14  Probe  
  57  5:17  Robotics Bay  
  58  5:22  Forge  
  58  5:23  Sentry x2  
  58  5:24  Probe  
  58  5:27  Probe  
  64  5:29  Observer  
  65  5:37  Probe  
  64  5:43  Stalker  
  64  5:44  Pylon  
  66  5:55  Probe x2  
  68  5:58  Observer  
  68  6:00  Photon Cannon  
  69  6:07  Probe x2, Protoss Ground Weapons Level 1  
  71  6:14  Pylon  
  71  6:18  Colossus  
  71  6:22  Pylon  
  71  6:23  Probe  
  71  6:24  Probe  
  71  6:25  Probe  
  77  6:34  Stalker  
  77  6:35  Stalker  
  77  6:36  Probe  
  77  6:39  Probe  
  81  6:42  Probe  
  81  6:46  Probe  
  82  6:49  Probe  
  82  6:51  Probe  
  83  6:55  Charge, Probe  
  83  6:57  Probe  
  83  6:59  Probe  
  85  7:03  Probe  
  85  7:06  Probe  
  88  7:08  Probe  
  88  7:11  Pylon  
  88  7:12  Sentry, Colossus  
  88  7:14  Probe  
  99  7:18  Probe  
  99  7:20  Probe  
  101  7:28  Gateway  
  101  7:29  Probe  
  102  7:30  Probe, Gateway  
  102  7:33  Extended Thermal Lance, Gateway  
  103  7:37  Zealot x2  
  103  7:43  Probe x2  
  109  7:46  Pylon x2  
  109  7:51  Stalker  
  111  7:57  Forge, Pylon  
  111  8:01  Gateway  
  111  8:03  Gateway  
  111  8:06  Colossus  
  111  8:08  Zealot x2  
  121  8:18  Protoss Ground Armor Level 1  
  121  8:27  Stalker x3  
  121  8:31  Stalker x3  
  121  8:33  Probe  
  127  8:42  Probe  
  127  8:46  Assimilator  
  127  8:47  Probe x2, Assimilator  
  130  8:50  Protoss Ground Weapons Level 2  
  130  8:53  Observer  
  130  8:54  Probe  
  130  8:55  Nexus  
  131  8:59  Probe x2  
  134  9:03  Pylon  
  134  9:05  Templar Archives  
  134  9:06  Probe  
  135  9:15  Probe x2  
  137  9:19  Disruptor  
  140  9:32  Probe x2, Robotics Facility  
  140  9:33  Zealot x3  
  140  9:34  Psionic Storm  
  140  9:36  Pylon  
  140  9:37  Pylon x2  
  148  9:40  Observer, Pylon  
  148  9:47  Probe  
  149  9:52  Disruptor  
  149  9:55  Photon Cannon  
  149  9:58  Photon Cannon  
  151  10:07  Assimilator  
  151  10:10  High Templar x2  
  151  10:11  Assimilator  
  151  10:12  Pylon  
  151  10:14  Zealot, High Templar x2  
  157  10:15  Zealot x3  
  167  10:27  Disruptor  
  170  10:28  Protoss Ground Armor Level 2  
  170  10:36  Shield Battery  
  170  10:42  Photon Cannon  
  170  10:44  Disruptor  
  170  10:45  Shield Battery  
  170  10:47  Photon Cannon  
  173  10:51  Shield Battery  
  173  10:52  Zealot x8  
  189  11:03  Warp Prism  
  189  11:08  Stargate  
  189  11:20  Zealot x5  
  193  11:37  Gravitic Boosters  
  169  11:50  Stalker x2  
  169  11:51  Zealot  
  169  11:52  Zealot x2  
  169  11:53  Zealot x2  
  176  11:59  Stalker  
  174  12:02  Fleet Beacon  
  174  12:04  Stargate  
  174  12:05  Stargate  
  174  12:24  Protoss Ground Weapons Level 3  
  174  12:28  Stalker x3  
  174  12:29  Gravitic Drive  
  180  12:35  Nexus  
  179  12:37  Pylon  
  179  12:42  Zealot x5  
  189  12:47  Tempest x2  
  189  12:54  Tempest  
  194  13:00  Protoss Air Weapons Level 1, Zealot x3  
  191  13:06  Zealot x5  
  177  13:31  Zealot x4  
  177  13:32  Zealot x4  
  187  14:01  Zealot x2  
  187  14:02  Zealot x2  
  195  14:12  Probe  
  195  14:14  Probe  
  193  14:19  Stalker x3  
  188  14:25  Zealot  
  188  14:42  Stalker  
  188  14:50  Probe x2  
  190  14:55  Warp Prism  
  190  14:56  Observer  
  190  14:58  Probe  
  190  14:59  Pylon  
  194  15:01  Nexus  
  194  15:02  Assimilator x2, Probe x2  
  196  15:13  Protoss Ground Armor Level 3  
  193  15:19  Zealot x6  
  193  15:20  Stalker x2  
  161  15:25  Probe x4  
  165  15:37  Probe x4  
  165  15:40  Stalker x3, Zealot  
  165  15:41  Zealot x2  
  179  15:49  Probe x4  
  183  16:01  Probe x4, Immortal x2  
  195  16:11  Zealot  
  195  16:12  Zealot  
  195  16:13  Probe x4  
  177  16:25  Zealot x4  
  158  16:26  Zealot x2  
  139  16:41  High Templar x2  
  139  16:42  Probe x2  
  139  16:43  Probe  
  139  16:46  Assimilator  
  146  16:51  High Templar x3  
  146  16:53  Colossus  
  146  16:54  Colossus, Nexus  
  152  16:58  Tempest x3  
  179  17:02  High Templar x3  
  185  17:09  Archon  
  185  17:18  High Templar x2  
  185  17:21  Photon Cannon  
  189  17:32  Zealot x3  
  189  17:33  Assimilator  
  189  17:34  Zealot x2  
  189  17:35  Assimilator  
  189  17:36  Pylon  
  187  17:51  Photon Cannon  
  187  17:54  Photon Cannon  
  187  18:02  Photon Cannon, Protoss Shields Level 1  
  187  18:04  Protoss Air Weapons Level 2  
  187  18:06  Zealot  
  187  18:07  Zealot x5  
  182  18:29  Zealot x8  
  158  18:50  Zealot x8  
  158  18:52  Immortal x2  
  177  18:58  Void Ray  
  177  18:59  Tempest x2  
  177  19:01  Archon x2  
  177  19:02  Archon  
  138  19:12  High Templar x6  
  138  19:13  High Templar x2  
  145  19:17  Archon  
  145  19:18  Archon x2  
  145  19:20  Archon  
  139  19:25  Immortal x2  
  135  19:47  High Templar  
  135  19:48  High Templar x6  
  135  19:49  High Templar  
  135  19:52  Archon x3  
  143  19:55  Observer  
  143  19:58  Archon  
  137  20:04  Immortal x2  
  130  20:20  Zealot  
  130  20:21  Zealot x6  
  144  20:43  Zealot  
  144  20:44  Zealot x3  
  89  21:04  Zealot x4  
  89  21:05  Zealot x3  
Tags
 
Add a new tag
Caveats
  • Supply blocks, unpowered buildings, or Contaminate may cause inaccurate times.
  • Supply counts are checked every 10 seconds.